 Dungeon Crawl Stone Soup version 0.17-a0-1714-g35622ae (webtiles) character file.

34 Syspaen the Shooter (level 3, -3/28 HPs)
             Began as a Centaur Arcane Marksman on Aug 23, 2015.
             Slain by a worm (6 damage)
             ... on level 2 of the Dungeon.
             The game lasted 00:13:48 (1619 turns).

Syspaen the Shooter (Centaur Arcane Marksman)       Turns: 1619, Time: 00:13:48

Health: -3/28      AC:  4    Str: 13    XL:     3   Next: 14%
Magic:  4/4        EV: 10    Int: 12    God:
Gold:   70         SH:  0    Dex:  9    Spells: 1 memorised, 3 levels left

rFire  . . .     SeeInvis .     a - +0 shortbow
rCold  . . .     Clarity  .     c - +0 robe
rNeg   . . .     SustAt   .     (no shield)
rPois  .         Gourm    .     (no helmet)
rElec  .         Spirit   .     (no cloak)
rCorr  .         Warding  .     (no gloves)
rMut   .         Stasis   .     (no barding)
MR     .....                    (no amulet)
Stlth  +.........               (no ring)
                                (no ring)

@: very quick, not resistant to hostile enchantments, very unstealthy
A: hooves 3, deformed body, speed 2, tough skin 3
a: no special abilities


You were on level 2 of the Dungeon.
You were full.

You visited 1 branch of the dungeon, and saw 2 of its levels.

You collected 70 gold pieces.

Inventory:

Hand weapons
 a - a +0 shortbow (weapon)
 f - a +0 dagger
 l - a +0 dagger
 o - a +0 dagger
 p - a cursed -3 dagger
 s - a +0 club
Missiles
 b - 10 arrows (quivered)
 i - 27 stones
Armour
 c - a +0 robe (worn)
 j - a +0 cloak
Jewellery
 g - an uncursed ring of fire {unknown}
 q - an uncursed ring of flight {unknown}
Scrolls
 r - 2 scrolls of identify {unknown}
Potions
 h - a potion of heal wounds {unknown}
 m - a potion of resistance {unknown}
Books
 d - a book of Debilitation

   Spells                             Type                      Level
   a - Corona                         Hexes                        1
   b - Slow                           Hexes                        2
   c - Gell's Gravitas                Hexes/Translocation          3
   d - Inner Flame                    Hexes/Fire                   3
   e - Cause Fear                     Hexes                        4
   f - Leda's Liquefaction            Hexes/Earth                  4
Comestibles
 e - 4 bread rations
 n - a beef jerky


   Skills:
 + Level 1.1 Fighting
 + Level 3.2 Bows
 + Level 1.8 Dodging
 + Level 0.3 Stealth
 + Level 1.0 Spellcasting
 + Level 3.1 Hexes


You had 3 spell levels left.
You knew the following spells:

 Your Spells              Type           Power        Failure   Level  Hunger
a - Corona                Hex            #......      12%         1    ##.....


Dungeon Overview and Level Annotations

Branches:
Dungeon (2/15)

Altars:


Innate Abilities, Weirdness & Mutations

You have hooves in place of feet.
Armour fits poorly on your strangely shaped body.
You cover ground very quickly.
You have extremely tough skin (AC +3).


Message History

Aim: a worm (moderately wounded)
You shoot an arrow. The arrow barely misses the worm.
Firing (i - inventory. (,) - cycle):
b - 12 arrows (quivered)
Press: ? - help, Shift-Dir - straight line, f/p - worm
Aim: a worm (moderately wounded)
You shoot an arrow. The arrow hits the worm.
The worm is moderately wounded.
The worm bites you.
* * * LOW HITPOINT WARNING * * *
Firing (i - inventory. (,) - cycle):
b - 11 arrows (quivered)
Press: ? - help, Shift-Dir - straight line, f/p - worm
Aim: a worm (moderately wounded)
You shoot an arrow. The arrow hits the worm.
The worm is heavily wounded.
The worm bites you.
* * * LOW HITPOINT WARNING * * *
You clumsily bash the worm but do no damage.
The worm is moderately wounded.
The worm bites you.
You die...

# #. # #. .#
#..########.(#
#..#...#.(.........
..................
###.....#.........
#@w(..(#_#..$#.#..
#.##.#..#........#
#.####....w..#.#.. #.#
#####....... ####.#
#.....†.
#....#########...#...
#.#####......##...... #
#.# #..............
#.#.#####.......####...


You could see a worm.

Vanquished Creatures
  2 worms (D:2)
  A ball python (D:1)
  A giant cockroach (D:1)
  3 hobgoblins
  3 jackals (D:2)
  2 kobolds (D:1)
  3 bats (D:1)
  2 giant geckos
  6 goblins
  4 rats (D:1)
27 creatures vanquished.

Notes
Turn   | Place    | Note
--------------------------------------------------------------
     0 | D:1      | Syspaen the Centaur Arcane Marksman began the quest for the Orb.
     0 | D:1      | Reached XP level 1. HP: 16/16 MP: 2/2
  1151 | D:1      | Reached skill level 3 in Hexes
  1151 | D:1      | Reached XP level 2. HP: 21/23 MP: 3/3
  1531 | D:2      | Reached XP level 3. HP: 20/28 MP: 4/4
  1537 | D:2      | Found a faded altar to an unknown god.
  1619 | D:2      | Slain by a worm

Vault maps used:
D:1:      matt_arrival_los_fun
D:2:      first_bread, serial_co_window_serial, co_window_corner_a,
          co_window_paths_a, co_window_paths_a, co_window_corner_a,
          co_window_paths_a, co_window_unsneaky_path_d, co_window_paths_c,
          co_window_cross_4, co_window_broadway_b, co_window_4corner_a,
          glass_columns_a, glass_columns_c, glass_columns_a, glass_columns_a,
          ecumenical_altar_1, nicolae_ru_awakened_eye

Action                   || total
-------------------------++-------
Melee: Shortbow          ||    18
 Fire: Shortbow          ||    86
  Eat: Meat ration       ||     1
